 Dungeon Crawl Stone Soup version 0.27-a0-1137-g3ef0f4ec91 (console) character file.

Game seed: 15823440748291537482

1340 Gather the Insei (level 8, -1/53 HPs)
             Began as an Octopode Transmuter on May 6, 2021.
             Slain by a wraith (5 damage)
             ... in an ossuary.
             The game lasted 00:23:11 (6924 turns).

Gather the Insei (Octopode Transmuter)              Turns: 6924, Time: 00:23:12

Health: -1/53      AC:  8    Str:  9    XL:     8   Next: 62%
Magic:  11/11      EV: 15    Int: 17    God:
Gold:   265        SH:  0    Dex: 19    Spells: 1/11 levels left

rFire    . . .     SeeInvis .   u - +4 dagger (protect)
rCold    . . .     Faith    .   (no shield)
rNeg     . . .     Spirit   .   (helmet restricted)
rPois    .         Reflect  .   (no amulet)
rElec    .         Harm     .   h - +6 ring of dexterity
rCorr    .         Rampage  .   (no ring)
Will     .....                  (no ring)
Stlth    ++++......             (no ring)
HPRegen  0.17/turn              (no ring)
MPRegen  0.12/turn              (no ring)
                                (no ring)
                                (no ring)

@: under a protective aura, slowed, very slow
A: almost no armour, amphibious, 8 rings, camouflage 1, gelatinous body 1,
(nimble swimmer 1), tentacles
a: no special abilities


You were in an ossuary.
You visited 1 branch of the dungeon, and saw 5 of its levels.
You also visited: Ossuary.

You collected 265 gold pieces.

Inventory:

Hand Weapons
 b - a +0 dagger
 e - a +0 dagger
 j - a +0 hunting sling
 t - a +0 dagger of speed
 u - a +4 dagger of protection (weapon)
Missiles
 a - 53 arrows
 c - 73 stones
 d - 78 bolts
 i - 2 javelins
 m - 5 boomerangs
 n - 30 sling bullets
 s - 36 poisoned darts
Magical Staves
 o - a staff of earth
Jewellery
 h - a +6 ring of dexterity (left tentacle)
Wands
 p - a wand of iceblast (13)
 C - a wand of flame (27)
Scrolls
 l - a scroll of summoning {unknown}
 r - 2 scrolls of identify {unknown}
 y - a scroll of teleportation
 A - a scroll of amnesia {unknown}
Potions
 f - 2 potions of degeneration {unknown}
 g - 2 potions of flight {unknown}
 q - a potion of heal wounds
 v - 4 potions of curing {unknown}
 w - 2 potions of attraction {unknown}
 x - a potion of lignification {unknown}
 z - a potion of cancellation {unknown}
 B - a potion of invisibility {unknown}
Miscellaneous
 k - a piece from Xom's chessboard (15/15)


   Skills:
 + Level 3.6 Fighting
 + Level 4.0 Dodging
 + Level 5.1 Stealth
 + Level 5.6 Unarmed Combat
 - Level 2.0 Spellcasting
 + Level 4.6 Transmutations
 + Level 0.7 Ice Magic
 - Level 4.4 Poison Magic
 - Level 2.2 Evocations


You had one spell level left.
You knew the following spells:

 Your Spells              Type           Power      Damage    Failure   Level
a - Beastly Appendage     Tmut           34%        N/A       3%          1
b - Ice Form              Ice/Tmut       10%        N/A       54%         4
s - Spider Form           Tmut/Pois      8%         N/A       9%          3
w - Wereblood             Tmut           17%        N/A       4%          2

Your spell library contained the following spells:

 Spells                   Type           Power      Damage    Failure   Level
 Animate Skeleton         Necr           2%         N/A       19%         1
 Magic Dart               Conj           4%         1d3       19%         1
 Pain                     Necr           4%         1d4       19%         1
 Searing Ray              Conj           2%         3d3       28%         2
 Dazzling Flash           Conj/Hex       2%         N/A       50%         3
 Vampiric Draining        Necr           0%         2d6       50%         3
 Hydra Form               Tmut           8%         N/A       63%         5
 Animate Dead             Necr           0%         N/A       88%         4
 Fulminant Prism          Conj/Hex       0%         3d6       88%         4
 Iskenderun's Mystic Bla  Conj/Tloc      1%         2d3       88%         4
 Agony                    Necr           1%         N/A       99%         5


Dungeon Overview and Level Annotations

Branches:
Dungeon (5/15)            Ossuary (1/1)
 Temple: D:4-7

Altars:
Ashenzari
Dithmenos
Hepliaklqana
Makhleb
Wu Jian
Xom
The Shining One

Shops:
D:2 =


Innate Abilities, Weirdness & Mutations

You cannot wear most types of armour.
You are amphibious.
You can wear up to eight rings at the same time.
Your skin changes colour to match your surroundings (Stealth+).
Your rubbery body absorbs attacks. (AC +1, EV +1)
((You are camouflaged near water. (Stealth+)))
You have tentacles for arms and can constrict up to eight enemies at once.


Message History

The wraith is heavily damaged.
The wraith misses you.
You closely miss the wraith.
The wraith is heavily damaged.
The wraith hits you! The wraith drains your vigour!
You feel as though you will be slow longer.
The wraith hits you. The wraith drains your vigour!
You feel as though you will be slow longer.
You hit the wraith.
You pierce the wraith.
Your squeeze misses the wraith.
The wraith is severely damaged.
The wraith hits you! The wraith drains your vigour!
You feel as though you will be slow longer.
You hit the wraith but do no damage.
You pierce the wraith, but do no damage.
You squeeze the wraith.
The wraith is severely damaged.
Your tentacle spike disappears.
The wraith barely misses you. The wraith hits you.
The wraith drains your vigour!
You feel as though you will be slow longer.
You hit the wraith.
The wraith is almost destroyed.
The wraith hits you!
* * * LOW HITPOINT WARNING * * *
You hit the wraith but do no damage. Your squeeze misses the wraith.
The wraith is almost destroyed.
The wraith hits you.
* * * LOW HITPOINT WARNING * * *
The wraith drains your vigour!
You feel as though you will be slow longer.
The wraith closely misses you.
You hit the wraith but do no damage.
The wraith is almost destroyed.
The wraith hits you but does no damage.
You hit the wraith but do no damage. Your squeeze misses the wraith.
The wraith is almost destroyed.
The wraith barely misses you. The wraith misses you.
You hit the wraith but do no damage. Your squeeze misses the wraith.
The wraith is almost destroyed.
The wraith hits you.
You die...

#################
#...............#
#.+##..###..##@.#
#.# #..#z#..#W#.# #
#.###..###..###.# #
#...............#
###.###.......###.#
..'.#z#.......#z#.#
###.###.......###.#
# #...............#
# #.###..###..###.#
#.# #..# #..# #.+
#..# #..#


You could see a wraith.

Vanquished Creatures
  Grinder (D:4)
  A water moccasin (D:5)
  A necrophage (D:5)
  2 ogres
  2 scorpions
  A gnoll sergeant (D:4)
  2 water moccasin skeletons
  A bullfrog zombie (D:5)
  2 hounds
  An orc priest (D:4)
  A jelly (D:3)
  Ijyb (D:2)
  Natasha (thrice) (D:4)
  2 iguanas (D:4)
  A hound skeleton (D:4)
  Robin (D:4)
  6 adders
  3 ufetubi
  2 adder zombies (Ossuary)
  4 dart slugs
  6 orcs
  3 endoplasms
  2 giant cockroaches
  9 hobgoblins
  12 jackals
  6 kobolds
  3 quokkas
  3 ball pythons
  A ball python skeleton (Ossuary)
  A bat (D:2)
  4 frilled lizards
  20 goblins
  A hobgoblin skeleton (Ossuary)
  4 hobgoblin zombies (Ossuary)
  A kobold zombie (Ossuary)
  An orc skeleton (Ossuary)
  6 rats
  A butterfly (D:4)
122 creatures vanquished.

Notes
Turn   | Place    | Note
-------+----------+-------------------------------------------
     0 | D:1      | Gather the Octopode Transmuter began the quest for the Orb.
     0 | D:1      | Reached XP level 1. HP: 13/13 MP: 3/3
   126 | D:1      | Reached XP level 2. HP: 15/18 MP: 5/5
   876 | D:1      | Reached XP level 3. HP: 15/23 MP: 3/6
   880 | D:1      | Learned a level 3 spell: Spider Form
   883 | D:1      | Learned a level 2 spell: Wereblood
  1106 | D:1      | Found a faded altar of an unknown god.
  1595 | D:2      | Noticed a scorpion
  1978 | D:2      | Reached XP level 4. HP: 28/28 MP: 5/7
  1990 | D:2      | Reached skill level 1 in Poison Magic
  2105 | D:2      | Noticed an ogre
  2139 | D:2      | Killed an ogre
  2140 | D:2      | Reached XP level 5. HP: 31/33 MP: 0/8
  2442 | D:2      | Reached skill level 1 in Stealth
  2442 | D:2      | Reached XP level 6. HP: 36/38 MP: 9/9
  2503 | D:2      | Found Boso Tui's Jewellery Shop.
  2757 | D:3      | Noticed Ijyb
  2770 | D:2      | Killed Ijyb
  3766 | D:3      | Found a shadowy altar of Dithmenos.
  4156 | D:4      | Reached XP level 7. HP: 22/45 MP: 7/10
  4309 | D:4      | Found a burning altar of Makhleb.
  4362 | D:4      | Found a broken altar of Ashenzari.
  4552 | D:4      | Noticed Natasha
  4562 | D:4      | Killed Natasha
  4823 | D:4      | Found a shimmering altar of Xom.
  4854 | D:4      | Noticed Natasha
  4863 | D:4      | Killed Natasha
  4864 | D:4      | Noticed Natasha
  4869 | D:4      | Killed Natasha
  4979 | D:4      | Found a hazy altar of Hepliaklqana.
  4992 | D:4      | Found a faded altar of an unknown god.
  5275 | D:4      | Reached skill level 5 in Unarmed Combat
  5302 | D:4      | Found an ornate altar of the Wu Jian Council.
  5735 | D:4      | Noticed Grinder
  5752 | D:4      | Killed Grinder
  5753 | D:4      | Reached skill level 1 in Evocations
  5753 | D:4      | Reached XP level 8. HP: 41/52 MP: 8/11
  5828 | D:4      | Noticed Robin
  5839 | D:4      | Killed Robin
  5961 | D:4      | Found a glowing golden altar of the Shining One.
  6202 | D:5      | Entered Level 5 of the Dungeon
  6606 | D:5      | Learned a level 4 spell: Ice Form
  6678 | D:5      | Reached skill level 5 in Stealth
  6732 | D:5      | Found a sand-covered staircase.
  6738 | Ossuary  | Entered an ossuary
  6859 | Ossuary  | Noticed a wraith
  6859 | Ossuary  | Noticed a flying skull
  6877 | Ossuary  | Noticed a flying skull
  6899 | Ossuary  | Noticed a flying skull
  6907 | Ossuary  | Noticed a flying skull
  6908 | Ossuary  | Noticed a wraith
  6924 | Ossuary  | Slain by a wraith

Illustrated notes

Levels and vault maps discovered:
D:1:      minmay_arrival_four_houses, layout_loops_ring,
          hellmonk_ecumenical_altar_crossroads
D:2:      kennysheep_the_goblin_king, layout_basic, serial_shops, shop,
          minmay_joined_circles
D:3:      minmay_door_path, layout_basic, lemuel_tele_altar, uniq_ijyb
D:4:      layout_basic, old_standard_altar, nicolae_overflow_hidden_temple,
          overflow_temple_1_default, beargit_hepliaklqana_dungeon_heroes,
          nicolae_tso_swordbearing_angel, xom_butterflies, uniq_natasha,
          uniq_robin, uniq_grinder
D:5:      layout_loops_corners, minitemple, nicolae_ossuary_entry_monument,
          uniq_sigmund
Ossuary:  ossuary_due_cavern

Skill      XL: |  1  2  3  4  5  6  7  8 |
---------------+-------------------------+-----
Unarmed Combat | 4 5 |  5.6
Poison Magic   | 4 |  4.4
Stealth        | 1 2 4 5 |  5.1
Transmutations | 3 4 |  4.6
Fighting       | 2 3 |  3.6
Dodging        | 3 4 |  4.0
Evocations     | 1 2 |  2.2
Spellcasting   | |  2.0
Ice Magic      | |  0.7

Action                   |  1- 3 |  4- 6 |  7- 9 || total
-------------------------+-------+-------+-------++-------
Melee: Unarmed           |    83 |    96 |    93 ||   272
       Kick              |    23 |     6 |    20 ||    49
       Constrict         |    25 |     5 |    13 ||    43
       Tentacles         |    14 |     2 |    17 ||    33
       Dagger            |       |       |    61 ||    61
       Punch             |       |       |     1 ||     1
 Fire: Hunting sling     |       |     3 |       ||     3
 Cast: Beastly Appendage |    26 |     2 |    13 ||    41
       Wereblood         |     1 |     3 |     1 ||     5
       Spider Form       |       |    19 |    17 ||    36
  Use: Scroll            |       |     8 |     2 ||    10
 Stab: Sleeping          |     5 |     2 |    10 ||    17
Armor: Skin              |     2 |     6 |    16 ||    24
Dodge: Dodged            |    40 |    63 |    99 ||   202

Table legend: (Time is in decaauts)
 A = Elapsed time spent in this place.
 B = Non-inter-level travel time spent in this place.
 C = Inter-level travel time spent in this place.
 D = Time resting spent in this place.
 E = Time spent auto-exploring this place.
 F = Levels seen in this place.
 G = Mean time per level.
                   A        B        C        D        E       F      G
               +--------+--------+--------+--------+--------+-----+--------+
         Total |   6909 |   6629 |    280 |    530 |   4841 |   6 | 1151.5 |
       Dungeon |   6720 |   6440 |    280 |    530 |   4784 |   5 | 1344.0 |
       Ossuary |    189 |    189 |      0 |      0 |     57 |   1 |  189.0 |
               +--------+--------+--------+--------+--------+-----+--------+

Top non-repeatable levels by time:
     D:4: 1992 daAuts
     D:1: 1508 daAuts
     D:3: 1448 daAuts
     D:2: 1382 daAuts
     D:5: 388 daAuts
 Ossuary: 189 daAuts
